 Dungeon Crawl Stone Soup version 0.17-a0-1046-ga09e34d (webtiles) character file.

170 RobertPalmer the Slasher (level 5, -2/49 HPs)
             Began as a Naga Chaos Knight on May 15, 2015.
             Slain by a centaur skeleton (5 damage)
             ... on level 4 of the Dungeon.
             The game lasted 00:04:41 (2621 turns).

RobertPalmer the Slasher (Naga Chaos Knight)        Turns: 2621, Time: 00:04:42

Health: -2/49      AC:  6    Str: 15    XL:     5   Next: 50%
Magic:  5/5        EV:  9    Int: 13    God:    Xom [......]
Gold:   108        SH:  0    Dex: 10    Spells: 0 memorised, 4 levels left

rFire  . . .     SeeInvis +     a - +0 falchion (chaos)
rCold  . . .     Clarity  .     b - +3 leather armour
rNeg   . . .     SustAb   .     (no shield)
rPois  +         Gourm    .     (no helmet)
rElec  .         Spirit   .     (no cloak)
rCorr  .         Warding  .     (no gloves)
rMut   .         Stasis   .     (no barding)
MR     .....                    (no amulet)
Stlth  +.........               (no ring)
                                (no ring)

@: very slow, not resistant to hostile enchantments, very unstealthy
A: see invisible, deformed body, poison resistance, slowness 2, slow metabolism
1, spit poison 2, AC +1
a: Spit Poison, Renounce Religion


You were on level 4 of the Dungeon.
You worshipped Xom.
You were a very special plaything of Xom.
You were not hungry.

You visited 1 branch of the dungeon, and saw 4 of its levels.

You collected 108 gold pieces.

Inventory:

Hand weapons
 a - a +0 falchion of chaos (weapon)
Missiles
 j - 11 poisoned needles
Armour
 b - a +3 leather armour (worn)
Scrolls
 h - 3 scrolls of remove curse
 m - 3 scrolls of fear
 o - a scroll of enchant armour
Potions
 d - a potion of degeneration {unknown}
 e - 2 potions of lignification {unknown}
 f - 4 potions of curing
 g - 2 potions of cancellation {unknown}
 i - a potion of flight {unknown}
 p - a potion of brilliance {unknown}
 r - a potion of heal wounds {unknown}
 s - a potion of resistance {unknown}
Comestibles
 c - 2 bread rations {@e1}
 k - a royal jelly
 l - a meat ration {@e2}
 q - a chunk of flesh {@w0}


   Skills:
 - Level 3.0 Fighting
 + Level 6.0 Long Blades
 - Level 1.5 Armour
 - Level 0.7 Dodging


You had 4 spell levels left.
You didn't know any spells.

Dungeon Overview and Level Annotations

Branches:
Dungeon (4/15)             Temple (0/1) D:4

Altars:
Dithmenos

Annotations:
D:4 abixa's ghost, average HOFE


Innate Abilities, Weirdness & Mutations

You cannot wear boots.
Your serpentine skin is tough (AC +1).
You have supernaturally acute eyesight.
Armour fits poorly on your strangely shaped body.
Your system is resistant to poisons.
You cover ground very slowly.
You have a slow metabolism.
You can spit poison.


Message History

The adder barely misses you.
You take 1 damage, and have 24/49 hp.
You hit the adder.
You feel sick. The adder bites you. The adder barely misses you.
You take 5 damage, and have 19/49 hp.
You closely miss the adder. The adder barely misses you.
The adder closely misses you.
You hit the adder.
The adder seems to speed up.
Xom thinks this is hilarious!
You feel sick. The adder bites you but does no damage. The adder bites you.
You take 4 damage, and have 15/49 hp.
You closely miss the adder. The adder closely misses you.
The adder barely misses you.
You closely miss the adder.
You feel sick. The adder closely misses you.
The adder bites you but does no damage.
You take 1 damage, and have 15/49 hp.
You slash the adder!
You kill the adder!
Your Long Blades skill increases to level 6!
You see here an adder corpse.
You butcher the adder corpse.
You feel sick.
q - 2 chunks of flesh {@w0} You take 1 damage, and have 14/49 hp.
You feel sick.
Eating one of 2 chunks of flesh {@w0}.
You continue eating. x2
You feel sick.
You take 1 damage, and have 13/49 hp.
You start resting.
You feel sick. x2
You are no longer poisoned.
Unknown command.
You start resting. "Let's go for a ride!"
Your surroundings suddenly seem different.
Your surroundings seem slightly different.
Your surroundings suddenly seem different.
A giant newt, 3 orcs and 2 orc wizards come into view.
Unknown command.
Unknown command.
Read which item? (? for menu, Esc to quit)
As you read the scroll of teleportation, it crumbles to dust.
You feel strangely unstable.
The orc wizard shouts!
The orc shouts!
The orc shouts!
The giant newt bites you but does no damage.
The orc wizard hits you but does no damage.
Unknown command.
Unknown command.
Unknown command.
The giant newt closely misses you.
The giant newt bites you but does no damage.
The orc hits you but does no damage.
Read which item? (? for menu, Esc to quit)
As you read the scroll of fear, it crumbles to dust.
You assume a fearsome visage.
The giant newt looks frightened!
The orc wizard looks frightened! x2
The orc looks frightened! x3
Your surroundings suddenly seem different.
Xom thinks this is hilarious!
The jackal zombie bites you but does no damage. 3 zombies and 2 skeletons come into view.
Unknown command.
Unknown command.
The giant gecko skeleton bites you but does no damage.
The giant gecko skeleton closely misses you.
The worker ant zombie barely misses you.
The giant gecko skeleton closely misses you.
The jackal zombie bites you but does no damage.
The worker ant zombie bites you.
* * * LOW HITPOINT WARNING * * *
The giant cockroach zombie bites you but does no damage.
The worker ant zombie bites you but does no damage.
The giant cockroach zombie bites you but does no damage.
You take 2 damage, and have 12/49 hp.
Unknown command.
Xom almost notices you.
Your underbelly feels warm.
The giant gecko skeleton bites you.
* * * LOW HITPOINT WARNING * * *
You take 2 damage, and have 10/49 hp.
The centaur skeleton barely misses you.
The centaur skeleton hits you but does no damage.
The worker ant zombie bites you but does no damage.
The giant cockroach zombie barely misses you.
The centaur skeleton hits you.
* * * LOW HITPOINT WARNING * * *
You take 5 damage, and have 5/49 hp.
Unknown command.
The centaur skeleton hits you.
* * * LOW HITPOINT WARNING * * *
You take 2 damage, and have 3/49 hp.
The centaur skeleton hits you.
* * * LOW HITPOINT WARNING * * *
The giant cockroach zombie bites you but does no damage.
You take 1 damage, and have 2/49 hp.
The giant gecko skeleton closely misses you.
The giant cockroach zombie waves its antennae.
The centaur skeleton hits you.
You die...
Xom bursts into laughter!

#oo...#.................
#.....#.................
#.....#.................
#.....#.................
####..#.................
..##########Z....### ##
... #Z....+ .. #ZZZ..#
.. #@....# .. #.....# ..
......... .. ##########
##


You could see a jackal zombie, a worker ant zombie, a giant cockroach zombie, a
giant gecko skeleton and a centaur skeleton.

Vanquished Creatures
  2 worker ants (D:4)
  An orc wizard (D:4)
  7 adders
  3 giant geckos
  3 orcs (D:4)
  3 bats
  6 giant cockroaches
  3 hobgoblins
  2 jackals (D:2)
  7 kobolds
  A quokka (D:2)
  3 ball pythons
  2 giant newts
  5 goblins
  A quokka zombie (D:4)
  8 rats
57 creatures vanquished.

Notes
Turn   | Place    | Note
--------------------------------------------------------------
     0 | D:1      | RobertPalmer the Naga Chaos Knight began the quest for the Orb.
     0 | D:1      | Reached XP level 1. HP: 21/21 MP: 1/1
   338 | D:1      | XOM: cast spell 'Beastly Appendage'
   445 | D:1      | Reached XP level 2. HP: 24/28 MP: 2/2
   556 | D:1      | XOM: smoke on damage
   733 | D:1      | Reached skill level 4 in Long Blades
   923 | D:2      | Reached XP level 3. HP: 32/34 MP: 3/3
   968 | D:2      | XOM: divination: detect items
  1212 | D:2      | XOM: divination: detect creatures
  1253 | D:2      | Reached XP level 4. HP: 40/42 MP: 4/4
  1457 | D:2      | Reached skill level 5 in Long Blades
  1555 | D:3      | Found a shadowy altar of Dithmenos.
  1588 | D:3      | You fall through a shaft!
  1650 | D:4      | Found a staircase to the Ecumenical Temple.
  1657 | D:4      | XOM: cast spell 'Summon Butterflies'
  1661 | D:4      | XOM: potion effect (might)
  1672 | D:4      | Reached XP level 5. HP: 15/49 MP: 5/5
  1673 | D:4      | HP: 11/49 [worker ant (2)]
  1679 | D:4      | HP: 9/49 [poisoned by a worker ant]
  1686 | D:4      | HP: 8/49 [poisoned by a worker ant]
  1694 | D:4      | HP: 8/49 [poisoned by a worker ant]
  1917 | D:4      | Noticed abixa's ghost (average HOFE)
  1938 | D:4      | HP: 11/49 [poisoned by an orc]
  1943 | D:4      | HP: 8/49 [poisoned by an orc]
  1948 | D:4      | HP: 6/49 [poisoned by an orc]
  1953 | D:4      | HP: 5/49 [poisoned by an orc]
  1960 | D:4      | HP: 4/49 [poisoned by an orc]
  1968 | D:4      | HP: 3/49 [poisoned by an orc]
  2227 | D:4      | XOM: colour smoke trail
  2323 | D:4      | XOM: harmless Air miscast
  2371 | D:4      | XOM: summons 2 hostile shadow creatures
  2591 | D:4      | Reached skill level 6 in Long Blades
  2608 | D:4      | XOM: 3-stop teleportation journey
  2614 | D:4      | HP: 12/49 [worker ant zombie (2)]
  2615 | D:4      | XOM: harmless Erth miscast
  2617 | D:4      | HP: 5/49 [centaur skeleton (6)]
  2620 | D:4      | HP: 2/49 [centaur skeleton (1)]
  2621 | D:4      | Slain by a centaur skeleton

Vault maps used:
D:1:      dpeg_arrival_round_c
D:2:      serial_bayou_ford_a, lemuel_statue_altar
D:3:      nicolae_overflow_crystal_walls, lemuel_doored_altar
D:4:      minmay_temple_entry_crystal_x, serial_undead, serial_undead_d,
          serial_undead_d, serial_undead_b, serial_undead_e,
          grunt_decor_mini_mirrors

Action                   |  1- 3 |  4- 6 || total
-------------------------+-------+-------++-------
Melee: Falchion          |   111 |   100 ||   211
  Use: Scroll            |       |     9 ||     9
 Stab: Paralysed         |     2 |     2 ||     4
  Eat: Chunk             |       |     4 ||     4

Vault maps used:
D:1:      dpeg_arrival_round_c
D:2:      serial_bayou_ford_a, lemuel_statue_altar
D:3:      nicolae_overflow_crystal_walls, lemuel_doored_altar
D:4:      minmay_temple_entry_crystal_x, serial_undead, serial_undead_d,
          serial_undead_d, serial_undead_b, serial_undead_e,
          grunt_decor_mini_mirrors

Table legend:
 A = Turns spent in this place as a percentage of turns spent in the entire game.
 B = Non-inter-level travel turns spent in this place as a percentage of non-inter-level travel turns spent in the entire game.
 C = Inter-level travel turns spent in this place as a percentage of turns spent in this place.
 D = Turns resting spent in this place as a percentage of non-inter-level travel turns spent in this place.
 E = Turns spent auto-exploring this place as a percentage of non-inter-level travel turns spent in this place.
 F = Non-inter-level travel turns spent in this place divided by the number of levels of this place that you've seen.
                   A       B       C       D       E      F
               +-------+-------+-------+-------+-------+----------------------
         Total | 100.0 | 100.0 |   0.3 |   3.6 |  10.2 | 195.8
       Dungeon | 100.0 | 100.0 |   0.3 |   3.6 |  10.2 | 195.8
               +-------+-------+-------+-------+-------+----------------------

Table legend:
 A = Kills in this place as a percentage of kills in entire the game.
 B = Kills by you in this place as a percentage of kills by you in the entire game.
 C = Kills by friends in this place as a percentage of kills by friends in the entire game.
 D = Other kills in this place as a percentage of other kills in the entire game.
 E = Experience gained in this place as a percentage of experience gained in the entire game.
 F = Experience gained in this place divided by the number of levels of this place that you have seen.
                   A       B       C       D       E      F
               +-------+-------+-------+-------+-------+----------------------
         Total | 100.0 | 100.0 |  -nan |  -nan | 100.0 |  60.8
       Dungeon | 100.0 | 100.0 |  -nan |  -nan | 100.0 |  60.8
               +-------+-------+-------+-------+-------+----------------------
